cohdb
Replays
Latest Replays
All Replays
Popular Replays
Top Player Replays
Match Explorer
How It Works
Community
CoH3 Stats
Reddit
Sign in to upload your games and track your stats! →
Sign in with Steam
Match 41507035
Unlisted
Match 41507035
Overview
Messages
Build Orders
End
Panzerpioneer Squad
Selects Panzerjäger Kommand Battlegroup
Selects Mine Fields
250 Light Carrier
Panzergrenadier Squad
Panzergrenadier Squad
Panzergrenadier Squad
Construct Light Support Kompanie
Assault Grenadier Squad
Construct Mechanized Kompanie
Selects Defensive Positions
Selects Tank Busters
Selects Crew Shock Tactics
Support Armor Elements
StuG III D Assault Gun
MG34 Team
Veteran Squad Leaders
2.5-tonne Medical Truck
Construct Panzerarmee Kommand
Selects Anti-tank Overwatch
Marder III Tank Destroyer
Armored Reserves
Selects Butterfly Bomb Drop
Panzer IV Assault Group
Magicstick
_Nemez_
Balanced_Gamer
Master_Haski
0
0
Comments
sign in to comment!
No comments posted yet!